 Dungeon Crawl Stone Soup version 0.31-a0-214-gb37851dbb3 (webtiles) character file.

Game seed: 10170069675969751328

537 qw the Chopper (level 7, 0/43 HPs)
             Began as a Gargoyle Fighter on July 1, 2023.
             Killed by nerve-wracking pain
             ... invoked by an orc priest
              (1 damage)
             ... on level 4 of the Dungeon.
             The game lasted 00:01:31 (2826 turns).

qw the Chopper (Gargoyle Fighter)                   Turns: 2826, Time: 00:01:31

Health: 0/43       AC: 16    Str: 21    XL:     7   Next: 25%
Magic:  7/7        EV:  8    Int:  9    God:
Gold:   134        SH:  4    Dex:  9    Spells: 6/6 levels left

rFire   . . .        Y - +3 war axe
rCold   . . .        c - +0 buckler
rNeg    + . .        l - +0 chain mail
rPois   inf          (no helmet)
rElec   +            n - +1 cloak
rCorr   +            (no gloves)
SInv    .            (no boots)
Will    .....        (no amulet) Stlth
                     g - ring of resist corrosion
HPRegen 0.27/turn    (no ring)
MPRegen 0.10/turn

%: no passive effects
@: no status effects
A: sickness immunity, AC +4, negative energy resistance 1, electricity
resistance, torment resistance 1, petrification resistance
a: no special abilities


You were on level 4 of the Dungeon.
You visited 1 branch of the dungeon, and saw 4 of its levels.

You collected 134 gold pieces.


Innate Abilities, Weirdness & Mutations

You are immune to sickness and miasma.
Your stone body is resilient. (AC +4)
You are immune to poison.
You resist negative energy. (rN+)
You are resistant to electric shocks. (rElec)
You are resistant to unholy torment.
You are immune to petrification.


   Skills:
 - Level 4.1 Fighting
 + Level 5.5 Axes
 - Level 3.2 Armour
 - Level 3.1 Dodging
 - Level 3.2 Shields


You had 6 spell levels left.
You didn't know any spells.
Your spell library was empty.

Inventory:

Hand Weapons
 m - a +0 mace
 Y - a +3 war axe (weapon)
Missiles
 p - 7 boomerangs (quivered)
Armour
 a - a +0 helmet
 c - a +0 buckler (worn)
 l - a +0 chain mail (worn)
 n - a +1 cloak (worn)
Jewellery
 g - a ring of resist corrosion (left hand)
Scrolls
 h - 2 scrolls of identify
Potions
 b - 2 potions of enlightenment {unknown}
 d - 3 potions of might
 e - a potion of resistance
 i - a potion of attraction {unknown}
 j - a potion of haste
 k - a potion of cancellation {unknown}
 o - a potion of curing {unknown}

Dungeon Overview and Level Annotations

Branches:
Dungeon (4/15)
 Temple: D:4-7

Altars:


Message History

Natasha is lightly wounded.
Natasha wildly gestures.
Natasha glows brightly for a moment.
Natasha stares at you and mumbles some strange words.
You resist with some effort.
An orc comes into view. It is wielding a +0 dagger.
Natasha mumbles some strange words.
You feel disoriented. Natasha barely misses you. The endoplasm freezes you.
You are frozen.
The orc priest invokes the aid of Beogh against you.
Beogh smites you!
You slash Natasha!
You kill Natasha!
Natasha yowls pathetically as she dies!
You barely miss the endoplasm. You hit the orc wizard.
The orc wizard casts a spell.
The orc wizard flickers and vanishes!
Deactivating autopickup; reactivate with Ctrl-A.
The endoplasm hits you but does no damage.
The orc priest miscasts a cantrip.
You hit the endoplasm but do no damage. You barely miss something.
You barely miss the orc.
The endoplasm hits you but does no damage.
Something hits you but does no damage.
You hit the endoplasm.
The endoplasm is lightly wounded.
You miss something. You hit the orc but do no damage.
Something hits you but does no damage. The endoplasm freezes you.
You are frozen.
The orc hits you but does no damage.
You barely miss the endoplasm.
The endoplasm is lightly wounded.
You miss something. You hit the orc priest. You slash the orc!
You kill the orc!
Something hits you but does no damage.
The orc priest invokes the aid of Beogh against you.
Pain shoots through your body!
You die...

#.........
..............>.##.#....
..........##### #..#...
...........# ##..#.#
...........# ##.#..
#..........##### #..#.
...o.......<...# ##.#.
#.....{).......# #)).
#...oo@.$.....#########
......J.........##......
.......$............####
...............####.....
#..............# ######
...............#
.#........#..###
##.......##.# .# #.


You could see an orc priest, 2 orcs and an endoplasm.

Vanquished Creatures
  Grinder (D:3)
  A hound (D:4)
  A gnoll bouda (D:3)
  Ijyb (D:3)
  Natasha (D:4)
  Robin (D:4)
  4 gnolls (D:3)
  8 adders
  3 worms
  3 dart slugs
  13 orcs
  8 ball pythons
  An endoplasm (D:2)
  2 giant cockroaches
  10 goblins
  13 hobgoblins
  3 jackals (D:3)
  A quokka (D:3)
  4 bats
  5 frilled lizards
  4 kobolds
  6 rats
94 creatures vanquished.

Notes
Turn   | Place    | Note
-------+----------+-------------------------------------------
     0 | D:1      | qw the Gargoyle Fighter began the quest for the Orb.
     0 | D:1      | Reached XP level 1. HP: 14/14 MP: 1/1
     0 | D:1      | 0 ||| qw: Version: 0.3-a-32-g5962c71
     0 | D:1      | 0 ||| qw: Game counter: 7483
     0 | D:1      | 0 ||| qw: Melee chars always use a shield: true
     0 | D:1      | 0 ||| qw: God list: Okawaru
     0 | D:1      | 0 ||| qw: Allow faded altars: false
     0 | D:1      | 0 ||| qw: Do Orc after clearing Dungeon:15 true
     0 | D:1      | 0 ||| qw: Do second Lair branch before Depths: true
     0 | D:1      | 0 ||| qw: Lair rune preference: random
     0 | D:1      | 0 ||| qw: Goals: Normal, Zot:1-4, Slime:5, God:TSO, Crypt,
                  | Tomb, Abyss, Pan, Hells, Win
     0 | D:1      | 0 ||| PLANNING D:1-11
    58 | D:1      | Reached skill level 2 in Axes
   174 | D:1      | Reached XP level 2. HP: 19/19 MP: 2/2
   692 | D:1      | 692 ||| READING scroll labelled QIR WYOBLI.
   693 | D:1      | 693 ||| READING scroll labelled IRAISA MAIRGHOYKI.
   694 | D:1      | 694 ||| READING scroll labelled UFRETAQ MEPO.
   695 | D:1      | 695 ||| READING scroll labelled YTOS ECSOTH.
   699 | D:1      | 699 ||| READING 3 scrolls labelled DEOSYE NUF MUO.
   700 | D:1      | 700 ||| READING 2 scrolls of enchant weapon.
   700 | D:1      | 700 ||| ENCHANTING +1 war axe.
   701 | D:1      | 701 ||| READING scroll of enchant weapon.
   701 | D:1      | 701 ||| ENCHANTING +2 war axe.
   729 | D:2      | Reached skill level 3 in Axes
   746 | D:2      | 746 ||| Stepping ~*~*~tactically~*~*~ (stealth).
   750 | D:2      | Reached XP level 3. HP: 23/23 MP: 3/3
   766 | D:2      | Identified the +1 robe of Bad Feelings {Dex+3}
   847 | D:2      | 847 ||| Stepping ~*~*~tactically~*~*~ (stealth).
   879 | D:2      | Reached XP level 4. HP: 27/28 MP: 4/4
  1067 | D:2      | Reached skill level 4 in Axes
  1081 | D:2      | 1081 ||| Stepping ~*~*~tactically~*~*~ (stealth).
  1458 | D:2      | 1458 ||| DROPPING orb of energy.
  1459 | D:2      | 1459 ||| READING scroll labelled PUQUFO IZEOSHRI.
  1460 | D:2      | 1460 ||| DRINKING 2 puce potions.
  1461 | D:2      | 1461 ||| DRINKING 2 red potions.
  1468 | D:3      | Noticed Ijyb
  1475 | D:3      | Killed Ijyb
  1476 | D:3      | Reached XP level 5. HP: 14/32 MP: 5/5
  1532 | D:3      | 1532 ||| FLEEEEING.
  1533 | D:3      | 1533 ||| FLEEEEING.
  1534 | D:3      | 1534 ||| FLEEEEING.
  1535 | D:3      | 1535 ||| STAIRDANCE
  1761 | D:3      | 1761 ||| Stepping ~*~*~tactically~*~*~ (hiding).
  1957 | D:3      | 1957 ||| Stepping ~*~*~tactically~*~*~ (stealth).
  1958 | D:3      | 1958 ||| Stepping ~*~*~tactically~*~*~ (stealth).
  1965 | D:3      | 1965 ||| Stepping ~*~*~tactically~*~*~ (stealth).
  2133 | D:3      | Reached skill level 5 in Axes
  2180 | D:3      | HP: 8/33 [gnoll/+2 halberd of freezing[a gnoll bouda] (5)]
  2181 | D:3      | 2181 ||| DRINKING potion of heal wounds.
  2188 | D:3      | Reached XP level 6. HP: 15/38 MP: 6/6
  2326 | D:3      | Noticed Grinder
  2336 | D:3      | 2336 ||| Stepping ~*~*~tactically~*~*~ (hiding).
  2343 | D:3      | Paralysed by Grinder for 3 turns
  2347 | D:3      | Killed Grinder
  2348 | D:3      | Reached skill level 3 in Dodging
  2552 | D:3      | Reached XP level 7. HP: 43/43 MP: 7/7
  2572 | D:3      | 2572 ||| Stepping ~*~*~tactically~*~*~ (hiding).
  2696 | D:3      | 2696 ||| UPGRADING to +0 chain mail.
  2706 | D:3      | 2706 ||| DROPPING +0 scale mail.
  2707 | D:3      | 2707 ||| UPGRADING to +1 cloak.
  2712 | D:3      | 2712 ||| UPGRADING to ring of resist corrosion.
  2713 | D:3      | 2713 ||| READING scroll labelled HOCKUGUFOWN.
  2714 | D:3      | 2714 ||| READING scroll labelled CECVIPE IRPHUBB.
  2715 | D:3      | 2715 ||| READING 2 scrolls of identify.
  2715 | D:3      | 2715 ||| IDENTIFYING sapphire potion
  2723 | D:4      | Noticed Robin
  2732 | D:4      | Killed Robin
  2819 | D:4      | Noticed Natasha
  2822 | D:4      | HP: 5/43 [orc priest/divine providence (15)]
  2823 | D:4      | Killed Natasha
  2825 | D:4      | HP: 1/43 [frozen (5)]
  2826 | D:4      | Killed from afar by an orc priest

Levels and vault maps discovered:
D:1:      lemuel_arrival_room, layout_loops_ring, st_stairs_1
D:2:      layout_loops_ring
D:3:      layout_loops_corners, uniq_ijyb, uniq_grinder
D:4:      layout_rooms, nicolae_vehumet_altar_sigil,
          minmay_temple_entry_glassed_door, minmay_misc_feat_columns,
          kennysheep_pointless_box, kennysheep_dice, uniq_natasha, uniq_robin,
          uniq_eustachio

Skill      XL: |  1  2  3  4  5  6 |
---------------+-------------------+-----
Axes           | 2 3 4 5 |  5.5
Fighting       | 4 |  4.1
Dodging        | 3 |  3.1
Armour         | |  3.2
Shields        | |  3.2

Action                     |  1- 3 |  4- 6 |  7- 9 || total
---------------------------+-------+-------+-------++-------
  Melee: War axe           |    64 |   122 |    42 ||   228
  Throw: Boomerang         |       |       |     5 ||     5
    Use: Scroll            |     7 |     1 |     3 ||    11
         Potion            |       |     3 |       ||     3
 Armour: Scale mail        |    30 |    52 |     4 ||    86
         Chain mail        |       |       |    29 ||    29
  Dodge: Dodged            |    25 |    41 |    16 ||    82
  Block: Buckler           |    15 |    22 |     8 ||    45

Table legend:
 A = Non-vault XP
 B = Vault XP
 C = Vault XP percentage of total XP
 D = Non-vault monster count
 E = Vault monster count
 F = Vault count percentage of total count
                 A         B        C        D         E       F
            +---------+---------+-------+---------+---------+-------
      Total |     385 |     386 |  50.1 |      78 |      16 |  17.0
            +---------+---------+-------+---------+---------+-------
        D:1 |      14 |       2 |  12.5 |      10 |       2 |  16.7
        D:2 |     121 |       0 |   0.0 |      28 |       0 |   0.0
        D:3 |     182 |     313 |  63.2 |      34 |       2 |   5.6
        D:4 |      68 |      71 |  51.1 |       6 |      12 |  66.7
            +---------+---------+-------+---------+---------+-------
